 Dungeon Crawl Stone Soup version 0.22.1-1-ga44c0e56f4 (webtiles) character file.

90 Ivernyr the Magician (level 4, 0/24 HPs)
             Began as a Deep Elf Wizard on Oct 19, 2018.
             Killed by nerve-wracking pain
             ... invoked by Grinder
              (14 damage)
             ... on level 4 of the Dungeon.
             The game lasted 00:22:28 (3091 turns).

Ivernyr the Magician (Deep Elf Wizard)              Turns: 3091, Time: 00:22:29

Health: 0/24       AC:  2    Str:  4    XL:     4   Next: 32%
Magic:  2/13       EV: 13    Int: 24    God:
Gold:   92         SH:  0    Dex: 13    Spells: 4/13 levels left

rFire    . . .     SeeInvis .   (no weapon)
rCold    . . .     Gourm    .   (no shield)
rNeg     . . .     Faith    .   a - +0 robe
rPois    .         Spirit   .   b - +0 hat
rElec    .         Reflect  .   (no cloak)
rCorr    .         Harm     .   (no gloves)
MR       .....                  (no boots)
Stlth    ++........             (no amulet)
HPRegen  0.08/turn              (no ring)
MPRegen  0.13/turn              (no ring)

@: no status effects
A: no striking features
a: no special abilities


You were on level 4 of the Dungeon.
You were very hungry.

You visited 1 branch of the dungeon, and saw 4 of its levels.

You collected 92 gold pieces.

Inventory:

Armour
 a - a +0 robe (worn)
 b - a +0 hat (worn)
Scrolls
 c - 2 scrolls of enchant armour {unknown}
 e - a scroll of magic mapping {unknown}
 f - 8 scrolls of identify {unknown}
 j - 2 scrolls of fear {unknown}
 m - 2 scrolls of amnesia {unknown}
 n - a scroll of fog {unknown}
 p - a scroll of enchant weapon {unknown}
 q - a scroll of immolation {unknown}
Potions
 g - 2 potions of lignification {unknown}
 h - 2 potions of heal wounds {unknown}
 i - a potion of flight {unknown}
 k - a potion of curing {unknown}
 l - a potion of mutation {unknown}
 o - a potion of ambrosia {unknown}
Comestibles
 d - 9 rations


   Skills:
 + Level 3.4 Dodging
 - Level 2.4 Stealth
 + Level 5.2 Spellcasting
 * Level 3.3 Conjurations
   Level 1.1 Summonings
 - Level 1.1 Translocations


You had 4 spell levels left.
You knew the following spells:

 Your Spells              Type           Power        Failure   Level  Hunger
a - Magic Dart            Conj           ###.         2%          1    None
b - Blink                 Tloc           N/A          9%          2    None
c - Conjure Flame         Conj/Fire      ##......     13%         3    ##.....
d - Mephitic Cloud        Conj/Pois/Air  ##......     16%         3    ##.....

Your spell library contained the following spells:

 Spells                   Type           Power        Failure   Level  Hunger
 Call Imp                 Summ           ##......     9%          2    None
 Slow                     Hex            #.......     13%         2    None


Dungeon Overview and Level Annotations

Branches:
Dungeon (4/15)
 Temple: D:4-7

Altars:
Elyvilon
Kikubaaqudgha
Ru
Trog
Zin
The Shining One

Annotations:
D:4 Grinder


Message History

Grinder hits you.
You writhe in agony.
Casting: Magic Dart (safe; 2% risk of failure)
Confirm with . or Enter, or press ? or * to list all spells.
Aiming: Magic Dart (safe; 2% risk of failure)
Press: ? - help, Shift-Dir - straight line, f/p - Grinder
Aim: Grinder (severely wounded)
The magic dart hits Grinder.
Grinder is almost dead.
Grinder misses you.
Casting: Magic Dart (safe; 2% risk of failure)
Confirm with . or Enter, or press ? or * to list all spells.
Aiming: Magic Dart (safe; 2% risk of failure)
Press: ? - help, Shift-Dir - straight line, f/p - Grinder
Aim: Grinder (almost dead)
The magic dart hits Grinder.
Grinder is almost dead.
Grinder gestures at you. Pain shoots through your body!
Ouch! That really hurt!
You die...

...##### #.# #..#...#
#.### #..#...# #...#
#..#.... #.#.# #.!.....
#.#.# #....... #.#.#
#..<.... #.#.# #.##...#
...#@#<#### #.# ...#
#......5....####.##..%#
.................ยง......
#####.#.#.##............
#.#.#.#######.######
#.#.#.# #.# # #>... ..#
###.. .... ## #####


You could see Grinder.

Vanquished Creatures
  2 adders (D:3)
  An ooze (D:3)
  An adder skeleton (D:4)
  3 worms (D:2)
  2 leopard geckos
  An orc (D:3)
  5 bats
  7 giant cockroaches
  8 goblins
  3 hobgoblins
  A ball python (D:3)
  8 frilled lizards
  5 kobolds
  5 rats
52 creatures vanquished.

Notes
Turn   | Place    | Note
-------+----------+-------------------------------------------
     0 | D:1      | Ivernyr the Deep Elf Wizard began the quest for the Orb.
     0 | D:1      | Reached XP level 1. HP: 10/10 MP: 7/7
   371 | D:1      | Reached XP level 2. HP: 15/15 MP: 6/9
   375 | D:1      | Learned a level 2 spell: Blink
  1240 | D:2      | Reached XP level 3. HP: 19/19 MP: 3/11
  1495 | D:2      | Found an ancient bone altar of Kikubaaqudgha.
  1823 | D:2      | Learned a level 3 spell: Conjure Flame
  1827 | D:2      | Learned a level 3 spell: Mephitic Cloud
  2033 | D:3      | Found a glowing golden altar of the Shining One.
  2077 | D:3      | Found a bloodstained altar of Trog.
  2096 | D:3      | Reached skill level 5 in Spellcasting
  2281 | D:3      | Found a glowing silver altar of Zin.
  2281 | D:3      | Found a white marble altar of Elyvilon.
  2284 | D:3      | Found a sacrificial altar of Ru.
  2304 | D:3      | Reached XP level 4. HP: 21/24 MP: 7/13
  2825 | D:4      | Noticed Grinder
  2878 | D:4      | Paralysed by Grinder for 3 turns
  3091 | D:4      | Killed from afar by Grinder

Skill      XL: |  1  2  3 |
---------------+----------+-----
Conjurations   | 2 3 |  3.3
Dodging        | 3 |  3.4
Spellcasting   | 5 |  5.2
Stealth        | |  2.4
Summonings     | |  1.1
Translocations | |  1.1

Action                   |  1- 3 |  4- 6 || total
-------------------------+-------+-------++-------
Melee: Unarmed           |     7 |       ||     7
 Cast: Magic Dart        |   122 |    36 ||   158
       Conjure Flame     |       |     2 ||     2
  Eat: Chunk             |     4 |     1 ||     5
Armor: Robe              |     6 |       ||     6
Dodge: Dodged            |    19 |     2 ||    21
